AoeStats
← Wimdit

Arena

508401166Analyzed
1v1 RM · 9d ago on Sep 22, 2026· 28m 26s· 2 players
Game mode
Random Map
Map size
Tiny (2 player)
Population
200
Speed
Normal
Resources
Standard
Victory
Conquest
Starting age
Dark Age
Ending age
Imperial Age
RankedLock teamsTeams togetherTeam positionsShared explorationLock speedFull tech treeHidden civsTurbo modeCheats
Victory
Defeat
🇮🇳 Bohemians · India
1231
+16
🇦🇺 Burgundians · Australia
1227
-16
Wimdit
7:11 Loom
11:26 Feudal Age
10:19 Double-Bit Axe
10:43 Horse Collar
12:35 Bow Saw
16:41 Castle Age
15:07 Heavy Plow
21:26 Wheelbarrow
27:46 Imperial Age
25:35 Gold Mining
27:08 Devotion
28:07 Atonement
29:35 Chemistry
Velmont
11:02 Feudal Age
11:06 Loom
11:17 Loom
12:54 Double-Bit Axe
15:18 Castle Age
17:40 Bow Saw
18:56 Fervor
19:08 Sanctity
21:39 Redemption
Connection lost

Rejoining the realm…

Still unreachable

The connection could not be restored.

Session expired

The server has moved on; the page needs a fresh start.